[Event "44th Badalona Open 2018"]
[Site "Badalona"]
[Date "2018.08.06"]
[Round "6"]
[White "Gallego Alcaraz, Andres Felipe"]
[Black "Narciso Dublan, Marc"]
[Result "1/2-1/2"]
[ECO "E11"]
[WhiteElo "2500"]
[BlackElo "2483"]
[Annotator "ChessBase"]
[PlyCount "27"]
[EventDate "2018.08.01"]
[EventType "swiss"]
[EventCountry "ESP"]
[SourceTitle "playchess.com"]
[Source "ChessBase"]
[SourceQuality "1"]
[TimeControl "5400+30"]

1. d4 e6 2. Nf3 Nf6 3. c4 Bb4+ 4. Bd2 c5 5. Bxb4 cxb4 6. a3 bxa3 7. Nxa3 O-O 8. e3 Nc6 9. Be2 d6 10. O-O e5 11. Nb5 a6 12. d5 Nb4 13. Nd2 Bf5 14. Nc3 1/2-1/2

[Event "44th Badalona Open 2018"]
[Site "Badalona"]
[Date "2018.08.06"]
[Round "6"]
[White "Aguero Jimenez, Luis Lazaro"]
[Black "Fluvia Poyatos, Jordi"]
[Result "1-0"]
[ECO "B07"]
[WhiteElo "2482"]
[BlackElo "2441"]
[Annotator "RC"]
[PlyCount "81"]
[EventDate "2018.08.01"]
[EventType "swiss"]
[EventCountry "ESP"]
[SourceTitle "playchess.com"]
[Source "ChessBase"]
[SourceQuality "1"]
[TimeControl "5400+30"]

1. e4 d6 2. d4 Nf6 3. Nc3 g6 4. Bg5 c6 5. Qd2 Nbd7 6. O-O-O Qa5 7. Nf3 b5 8. e5 b4 9. Nb1 Ne4 10. Qf4 d5 11. e6 fxe6 12. Bd3 Nxf2 13. Ne5 Nxe5 14. Qxf2 Nxd3+ 15. Rxd3 e5 16. dxe5 Be6 17. Rf1 Qxa2 18. Rf3 Kd7 19. Qc5 Qc4 20. Qe3 d4 21. Qe1 Bg7 22. b3 Qd5 23. Qxb4 c5 24. Qa5 Rhe8 25. Nc3 Qc6 26. Na4 Rec8 27. c4 Bxe5 28. Qe1 Bd6 29. Nb2 Bf5 30. g4 Bxg4 31. Rf7 Be6 32. Nd3 Bxf7 33. Rxf7 Re8 34. Bxe7 Kc7 35. Bxd6+ Kxd6 36. Rf6+ Kd7 37. Ne5+ Rxe5 38. Qxe5 Qh1+ 39. Kb2 Qg2+ 40. Ka3 Re8 41. Rf7+ 1-0

[Event "44th Badalona Open 2018"]
[Site "Badalona"]
[Date "2018.08.06"]
[Round "6"]
[White "Escalante Ramirez, Brian Sebastian"]
[Black "Verstraeten, Reinaert"]
[Result "0-1"]
[ECO "B96"]
[WhiteElo "2438"]
[BlackElo "2303"]
[Annotator "NA"]
[PlyCount "88"]
[EventDate "2018.08.01"]
[EventType "swiss"]
[EventCountry "ESP"]
[SourceTitle "playchess.com"]
[Source "ChessBase"]
[SourceQuality "1"]
[TimeControl "5400+30"]

1. e4 c5 2. Nf3 d6 3. d4 Nf6 4. Nc3 cxd4 5. Nxd4 a6 6. Bg5 e6 7. f4 Nbd7 8. Qf3 Qc7 9. O-O-O b5 10. e5 Bb7 11. Qh3 dxe5 12. Nxe6 fxe6 13. Qxe6+ Be7 14. Bxb5 axb5 15. Nxb5 Qc6 16. Nd6+ Kd8 17. Nf7+ Kc7 18. Qxe7 Rxa2 19. Nxe5 Ra1+ 20. Kd2 Qd5+ 21. Ke2 Qe4+ 22. Kd2 Qd5+ 23. Ke2 Qxg2+ 24. Kd3 Qd5+ 25. Ke2 Ba6+ 26. c4 Bxc4+ 27. Nxc4 Qxc4+ 28. Kf2 Rxd1 29. Rxd1 Qc2+ 30. Ke1 Qe4+ 31. Qxe4 Nxe4 32. Bh4 Rb8 33. Rd4 Ndc5 34. b4 Rxb4 35. Rxb4 Nd3+ 36. Ke2 Nxb4 37. Kf3 Nd6 38. Be7 Nc6 39. Bf8 Nd4+ 40. Kg4 Ne6 41. Be7 Kd7 42. Bh4 g6 43. Bf6 Kc6 44. Be5 Nf5 0-1

[Event "44th Badalona Open 2018"]
[Site "Badalona"]
[Date "2018.08.06"]
[Round "6"]
[White "Perez Mitjans, Orelvis"]
[Black "Oliva Castaneda, Kevel"]
[Result "0-1"]
[ECO "B47"]
[WhiteElo "2402"]
[BlackElo "2478"]
[Annotator "ChessBase"]
[PlyCount "83"]
[EventDate "2018.08.01"]
[EventType "swiss"]
[EventCountry "ESP"]
[SourceTitle "playchess.com"]
[Source "ChessBase"]
[SourceQuality "1"]
[TimeControl "5400+30"]

1. e4 c5 2. Nf3 e6 3. d4 cxd4 4. Nxd4 Nc6 5. Nc3 Qc7 6. g3 a6 7. Bg2 d6 8. O-O Bd7 9. Re1 Be7 10. a4 Nf6 11. Nb3 O-O 12. a5 Ne5 13. h3 Nc4 14. f4 h6 15. Kh2 Rfd8 16. Qe2 Rac8 17. Qf2 Bc6 18. Bf1 Be8 19. Bd3 d5 20. e5 Nd7 21. Rf1 Bb4 22. Na4 Nxa5 23. Nxa5 Bxa5 24. Be3 Bb4 25. Nb6 Rb8 26. Nxd7 Qxd7 27. Bb6 Rdc8 28. f5 Qc6 29. Be3 Qc7 30. Qf4 Bc5 31. Bxc5 Qxc5 32. fxe6 fxe6 33. Qg4 Bb5 34. Qxe6+ Kh8 35. Ra5 Rf8 36. Rxb5 Rf2+ 37. Rxf2 Qxf2+ 38. Kh1 Rf8 39. Qxd5 Qxg3 40. e6 Qh4 41. Kg1 Qe1+ 42. Kh2 0-1

[Event "44th Badalona Open 2018"]
[Site "Badalona"]
[Date "2018.08.06"]
[Round "6"]
[White "Panelo, Marcelo"]
[Black "Pulvett Marin, Daniel Eduardo"]
[Result "0-1"]
[ECO "E15"]
[WhiteElo "2360"]
[BlackElo "2464"]
[Annotator "ChessBase"]
[PlyCount "60"]
[EventDate "2018.08.01"]
[EventType "swiss"]
[EventCountry "ESP"]
[SourceTitle "playchess.com"]
[Source "ChessBase"]
[SourceQuality "1"]
[TimeControl "5400+30"]

1. d4 Nf6 2. c4 e6 3. Nf3 b6 4. g3 Ba6 5. Qa4 c6 6. Nc3 Be7 7. e4 O-O 8. e5 Ne8 9. Qc2 d5 10. h4 f5 11. exf6 Nxf6 12. Ng5 Bb4 13. Be3 Qe7 14. Bh3 Bxc4 15. O-O-O Bxc3 16. Bxe6+ Kh8 17. Qxc3 Na6 18. b3 Be2 19. Rde1 Bf3 20. Nxf3 Nb4 21. Kb2 Ne4 22. Bg5 Qxe6 23. Nd2 Qd6 24. Nxe4 dxe4 25. Rxe4 Rxf2+ 26. Bd2 Nd5 27. Qd3 Qb4 28. Kc1 Qa3+ 29. Kd1 Qxa2 30. Qc2 Nc3+ 0-1

[Event "44th Badalona Open 2018"]
[Site "Badalona"]
[Date "2018.08.06"]
[Round "6"]
[White "Jaeel, Atharva"]
[Black "Ferrante, Marco"]
[Result "0-1"]
[ECO "D11"]
[WhiteElo "2081"]
[BlackElo "2330"]
[Annotator "NA"]
[PlyCount "45"]
[EventDate "2018.08.01"]
[EventType "swiss"]
[EventCountry "ESP"]
[SourceTitle "playchess.com"]
[Source "ChessBase"]
[SourceQuality "1"]
[TimeControl "5400+30"]

1. d4 d5 2. c4 c6 3. Nf3 Nf6 4. e3 a6 5. Nbd2 Bf5 6. Nh4 Bg4 7. Qc2 e5 8. dxe5 Ne4 9. Nhf3 Nd7 10. e6 fxe6 11. Nxe4 dxe4 12. Qxe4 Bf5 13. Qd4 Bb4+ 14. Bd2 e5 15. Qh4 Bxd2+ 16. Kxd2 Qa5+ 17. Kc1 Nc5 18. e4 Bxe4 19. Qh5+ Kf8 20. Nxe5 Qe1+ 21. Qd1 Qxf2 22. Nd7+ Nxd7 23. Qd6+ {Qf5 Qd2 Nc5} 0-1

[Event "44th Badalona Open 2018"]
[Site "Badalona"]
[Date "2018.08.06"]
[Round "6"]
[White "Mut Company, Guillem Joan"]
[Black "Malonda Rey, Albert"]
[Result "1-0"]
[ECO "D31"]
[WhiteElo "1898"]
[BlackElo "1682"]
[Annotator "NA"]
[PlyCount "133"]
[EventDate "2018.08.01"]
[EventType "swiss"]
[EventCountry "ESP"]
[SourceTitle "playchess.com"]
[Source "ChessBase"]
[SourceQuality "1"]
[TimeControl "5400+30"]

1. d4 d5 2. c4 e6 3. Nc3 Be7 4. cxd5 exd5 5. Bf4 c6 6. Qc2 Nf6 7. e3 O-O 8. Bd3 Re8 9. Nf3 Nbd7 10. O-O h6 11. Nb5 Rf8 12. Bc7 Qe8 13. Nd6 Bxd6 14. Bxd6 Ne4 15. Bxf8 Nxf8 16. Nd2 Nd6 17. b4 Bd7 18. Nb3 Qe7 19. Rae1 Qh4 20. f3 Re8 21. a4 f5 22. Nc5 Bc8 23. b5 Qg5 24. bxc6 bxc6 25. Qf2 Ng6 26. Kh1 h5 27. Re2 Kh7 28. Rb1 Kh6 29. a5 f4 30. exf4 Nxf4 31. Rxe8 Nxe8 32. Qd2 Nd6 33. g3 Nh3 34. Qxg5+ Nxg5 35. Kg2 Bf5 36. Kf2 Bxd3 37. Nxd3 Nc4 38. a6 Nxf3 39. Rb7 Nxd4 40. Rxa7 Nb5 41. Rb7 Ncd6 42. a7 Nxa7 43. Rxa7 Ne4+ 44. Ke3 c5 45. Rc7 Nf6 46. Rxc5 Ng4+ 47. Kf4 Nxh2 48. Rc6+ Kh7 49. Rd6 Ng4 50. Rxd5 Nf6 51. Ra5 Kg6 52. Nf2 Kh6 53. Ne4 Nh7 54. Ra6+ g6 55. Rb6 Nf8 56. Ng5 Nd7 57. Rb7 Nf6 58. Nf7+ Kg7 59. Ne5+ Kh6 60. Nf3 Ng4 61. Rb6 Nf2 62. Ne5 Nh3+ 63. Ke3 Kg5 64. Rxg6+ Kf5 65. Rh6 Kg5 66. Rh8 Ng1 67. Nf3+ 1-0

[Event "44th Badalona Open 2018"]
[Site "Badalona"]
[Date "2018.08.06"]
[Round "6"]
[White "Casares Bonals, Ainhoa"]
[Black "Palacios Pena, Gerardo"]
[Result "1-0"]
[ECO "B12"]
[WhiteElo "1637"]
[BlackElo "1861"]
[Annotator "NA"]
[PlyCount "76"]
[EventDate "2018.08.01"]
[EventType "swiss"]
[EventCountry "ESP"]
[SourceTitle "playchess.com"]
[Source "ChessBase"]
[SourceQuality "1"]
[TimeControl "5400+30"]

1. e4 c6 2. d4 d5 3. e5 Bf5 4. Nf3 e6 5. Be2 Nd7 6. Nbd2 Ne7 7. O-O h6 8. Nb3 Bh7 9. Bd2 Nf5 10. Rc1 Be7 11. c4 dxc4 12. Bxc4 O-O 13. Be2 Nb6 14. Ba5 Qb8 15. Nc5 Bxc5 16. dxc5 Nd5 17. Bc3 Qc7 18. Re1 Rfe8 19. Qb3 Red8 20. Nd2 Nxc3 21. Qxc3 Rd7 22. Nc4 Ne7 23. Bh5 Nd5 24. Qg3 Ne7 25. Bg4 Rd3 26. Re3 Rxe3 27. Qxe3 Bf5 28. Bf3 Nd5 29. Qb3 Rb8 30. Nd6 Bg6 31. Bxd5 cxd5 32. Qc3 Qc6 33. b4 Qa4 34. b5 d4 35. Qd2 d3 36. c6 bxc6 37. bxc6 Qa6 38. c7 Rc8 1-0